BR
LOGAN SWANS @ SANTA ANNA DUKES
07/30/2026
 
TOP OF THE 1ST
Logan Swans batting - Pitching for Santa Anna Dukes : RHP Roberto Pérez
Pitching: RHP Roberto Pérez
Batting: RHB Alfredo Salinas 0-0: SINGLE (Line Drive, 56)
Batting: RHB Adrián Barrera 0-0: Called Strike
0-1: Ball
1-1: Called Strike
1-2: Ball
2-2: Foul Ball, location: 2F
2-2: Foul Ball, location: 2F
2-2: Ball
3-2: Fly out, F8 (Flyball, 8LM)
Batting: RHB Randall Luna 0-0: Foul Ball, location: 2F
0-1: Fly out, F8 (Flyball, 8RM)
Batting: RHB David Ward 0-0: Ball
1-0: Ball
2-0: Ball
3-0: Called Strike
3-1: Ground out 6-3 (Groundball, 6)
Top of the 1st over - 0 run(s), 1 hit(s), 0 error(s), 1 left on base; Logan 0 - Santa Anna 0
BOTTOM OF THE 1ST
Santa Anna Dukes batting - Pitching for Logan Swans : RHP Alejandro Herrera
Pitching: RHP Alejandro Herrera
Batting: RHB Jesús Velásquez 0-0: Bunted foul
0-1: SINGLE (Groundball, 25) (infield hit)
Batting: RHB Alberto Castillo 0-0: Called Strike
0-1: Ball
1-1: Ball
2-1: Foul Ball, location: 2F
2-2: Grounds into double play, 4-6-3 (Groundball, 4)
Batting: RHB Alberto Morín 0-0: Ball
1-0: Fly out, F7 (Flyball, 7LM)
Bottom of the 1st over - 0 run(s), 1 hit(s), 0 error(s), 0 left on base; Logan 0 - Santa Anna 0
TOP OF THE 2ND
Logan Swans batting - Pitching for Santa Anna Dukes : RHP Roberto Pérez
Batting: RHB Nick Vogel 0-0: Called Strike
0-1: Hit by Pitch
Batting: RHB Júlio Ramos 0-0: Fly out, F9 (Flyball, 89M)
Batting: RHB Jeremy Camanho 0-0: Ball
1-0: Foul Ball, location: 2F
1-1: Swinging Strike
1-2: Ball
2-2: SINGLE (Line Drive, 78M)
Nick Vogel to second
Batting: LHB Juan Parrot 0-0: Called Strike
0-1: Ground out 4-3 (Groundball, 34S)
Nick Vogel to third
Jeremy Camanho to second
Batting: LHB Alejandro Herrera 0-0: Ground out 4-3 (Groundball, 4M)
Top of the 2nd over - 0 run(s), 1 hit(s), 0 error(s), 2 left on base; Logan 0 - Santa Anna 0
BOTTOM OF THE 2ND
Santa Anna Dukes batting - Pitching for Logan Swans : RHP Alejandro Herrera
Batting: RHB Ron Elazar 0-0: Ball
1-0: Called Strike
1-1: SINGLE (Groundball, 6)
Batting: RHB Charles Lewis 0-0: Ball
Ron Elazar steals 2nd base
1-0: Called Strike
1-1: Ball
2-1: Called Strike
2-2: Ground out 6-3 (Groundball, 6M)
Ron Elazar to third
Batting: RHB Michael Hastings 0-0: Swinging Strike
0-1: Swinging Strike
0-2: Strikes out swinging
Batting: RHB Earl Godwin 0-0: Fly out, F9 (Flyball, 9LM)
Bottom of the 2nd over - 0 run(s), 1 hit(s), 0 error(s), 1 left on base; Logan 0 - Santa Anna 0
TOP OF THE 3RD
Logan Swans batting - Pitching for Santa Anna Dukes : RHP Roberto Pérez
Batting: RHB Alfredo Salinas 0-0: Ball
1-0: Swinging Strike
1-1: Foul Ball, location: 2F
1-2: Foul Ball, location: 2F
1-2: Foul Ball, location: 2F
1-2: Strikes out swinging
Batting: RHB Adrián Barrera 0-0: Ground out 6-3 (Groundball, 6M)
Batting: RHB Randall Luna 0-0: Called Strike
0-1: Swinging Strike
0-2: Strikes out looking
Top of the 3rd over - 0 run(s), 0 hit(s), 0 error(s), 0 left on base; Logan 0 - Santa Anna 0
BOTTOM OF THE 3RD
Santa Anna Dukes batting - Pitching for Logan Swans : RHP Alejandro Herrera
Batting: RHB Ben Wilson 0-0: Ball
1-0: Foul Ball, location: 2F
1-1: SINGLE (Line Drive, 4D)
Batting: RHB Bryan Martínez 0-0: Ball
1-0: Foul Ball, location: 2F
1-1: Swinging Strike
1-2: Ball
2-2: Ball
3-2: Strikes out swinging
Batting: RHB Jesús Velásquez 0-0: Ball
1-0: Ball
Wild Pitch!
Ben Wilson to second
2-0: Swinging Strike
2-1: Swinging Strike
2-2: Strikes out looking
Batting: RHB Alberto Castillo 0-0: DOUBLE (Line Drive, 7LM)
Ben Wilson scores
Batting: RHB Alberto Morín 0-0: Ball
1-0: SINGLE (Flyball, 7M)
Alberto Castillo to third
Runner from 3rd tries for Home, SAFE, no throw or cutoff
Batting: RHB Ron Elazar 0-0: Ball
1-0: Ball
Throwing error on steal attempt, E2
Alberto Morín to third
2-0: Ground out 6-3 (Groundball, 56)
Bottom of the 3rd over - 2 run(s), 3 hit(s), 1 error(s), 1 left on base; Logan 0 - Santa Anna 2
TOP OF THE 4TH
Logan Swans batting - Pitching for Santa Anna Dukes : RHP Roberto Pérez
Batting: RHB David Ward 0-0: Called Strike
0-1: Ball
1-1: Foul Ball, location: 2F
1-2: Ground out 5-3 (Groundball, 56)
Batting: RHB Nick Vogel 0-0: Swinging Strike
0-1: Fly out, F7 (Flyball, 5D)
Batting: RHB Júlio Ramos 0-0: Called Strike
0-1: Ball
1-1: Ball
2-1: Called Strike
2-2: SINGLE (Line Drive, 89S)
Batting: RHB Jeremy Camanho 0-0: Ball
1-0: Ball
2-0: Swinging Strike
2-1: SINGLE (Groundball, 56D)
Júlio Ramos to second
Batting: LHB Juan Parrot 0-0: Swinging Strike
0-1: Called Strike
0-2: Strikes out swinging
Top of the 4th over - 0 run(s), 2 hit(s), 0 error(s), 2 left on base; Logan 0 - Santa Anna 2
BOTTOM OF THE 4TH
Santa Anna Dukes batting - Pitching for Logan Swans : RHP Alejandro Herrera
Batting: RHB Charles Lewis 0-0: Ball
1-0: Called Strike
1-1: Swinging Strike
1-2: Ball
2-2: Ball
3-2: Foul Ball, location: 2F
3-2: Strikes out swinging
Batting: RHB Michael Hastings 0-0: Ball
1-0: Swinging Strike
1-1: Ball
2-1: Ground out 4-3 (Groundball, 4)
Batting: RHB Earl Godwin 0-0: Foul Ball, location: 2F
0-1: Called Strike
0-2: Strikes out swinging
Bottom of the 4th over - 0 run(s), 0 hit(s), 0 error(s), 0 left on base; Logan 0 - Santa Anna 2
TOP OF THE 5TH
Logan Swans batting - Pitching for Santa Anna Dukes : RHP Roberto Pérez
Batting: LHB Alejandro Herrera 0-0: Ball
1-0: SINGLE (Groundball, 4MD)
Batting: RHB Alfredo Salinas 0-0: Ball
1-0: Fly out, F7 (Flyball, 7M)
Batting: RHB Adrián Barrera 0-0: Called Strike
0-1: Ball
1-1: Ball
2-1: Foul Ball, location: 2F
2-2: Grounds into double play, 6-4-3 (Groundball, 6)
Top of the 5th over - 0 run(s), 1 hit(s), 0 error(s), 0 left on base; Logan 0 - Santa Anna 2
BOTTOM OF THE 5TH
Santa Anna Dukes batting - Pitching for Logan Swans : RHP Alejandro Herrera
Batting: RHB Ben Wilson 0-0: Swinging Strike
0-1: Swinging Strike
0-2: SINGLE (Groundball, 6MD)
Batting: RHB Bryan Martínez 0-0: Ball
1-0: 2-RUN HOME RUN (Flyball, 89XD), Distance : 427 ft
Batting: RHB Jesús Velásquez 0-0: Called Strike
0-1: Ball
1-1: Ball
2-1: SINGLE (Line Drive, 4MD)
Batting: RHB Alberto Castillo 0-0: Foul Ball, location: 2F
0-1: Swinging Strike
0-2: Ground out 5-3 (Groundball, 5)
Jesús Velásquez to second
Batting: RHB Alberto Morín 0-0: Foul Ball, location: 2F
0-1: Ball
1-1: Ball
2-1: Foul Ball, location: 2F
2-2: Ground out 6-3 (Groundball, 6M)
Jesús Velásquez to third
Batting: RHB Ron Elazar 0-0: Ball
1-0: Fly out, F7 (Flyball, 7LMF)
Bottom of the 5th over - 2 run(s), 3 hit(s), 0 error(s), 1 left on base; Logan 0 - Santa Anna 4
TOP OF THE 6TH
Logan Swans batting - Pitching for Santa Anna Dukes : RHP Roberto Pérez
Batting: RHB Randall Luna 0-0: Fly out, F9 (Flyball, 89S)
Batting: RHB David Ward 0-0: Ground out 6-3 (Groundball, 6)
Batting: RHB Nick Vogel 0-0: Ball
1-0: Swinging Strike
1-1: Ball
2-1: Fly out, F9 (Flyball, 89M)
Top of the 6th over - 0 run(s), 0 hit(s), 0 error(s), 0 left on base; Logan 0 - Santa Anna 4
BOTTOM OF THE 6TH
Santa Anna Dukes batting - Pitching for Logan Swans : RHP Alejandro Herrera
Batting: RHB Charles Lewis 0-0: Swinging Strike
0-1: Ball
1-1: SINGLE (Line Drive, 56D)
Batting: RHB Michael Hastings 0-0: Ball
1-0: Ball
2-0: Called Strike
2-1: Called Strike
2-2: Foul Ball, location: 2F
2-2: Ground out 5-3 (Groundball, 5S)
Charles Lewis to second
Batting: RHB Earl Godwin 0-0: Intentional Walk
Pitching: RHP Salvador Morán
Batting: RHB Ben Wilson 0-0: Called Strike
0-1: Ball
1-1: Ball
2-1: Fly out, F8 (Flyball, 8LD)
Runner from 2nd tags up, SAFE at 3rd, no throw
Batting: RHB Bryan Martínez 0-0: Called Strike
0-1: Swinging Strike
0-2: Strikes out looking
Bottom of the 6th over - 0 run(s), 1 hit(s), 0 error(s), 2 left on base; Logan 0 - Santa Anna 4
TOP OF THE 7TH
Logan Swans batting - Pitching for Santa Anna Dukes : RHP Roberto Pérez
Batting: RHB Júlio Ramos 0-0: Called Strike
0-1: Fly out, F8 (Flyball, 8RS)
Batting: RHB Jeremy Camanho 0-0: Foul Ball, location: 2F
0-1: Ground out 5-3 (Groundball, 56)
Batting: LHB Juan Parrot 0-0: Ball
1-0: Called Strike
1-1: Ball
2-1: Foul Ball, location: 2F
2-2: Foul Ball, location: 2F
2-2: Strikes out swinging
Top of the 7th over - 0 run(s), 0 hit(s), 0 error(s), 0 left on base; Logan 0 - Santa Anna 4
BOTTOM OF THE 7TH
Santa Anna Dukes batting - Pitching for Logan Swans : RHP Salvador Morán
Batting: RHB Jesús Velásquez 0-0: Ball
1-0: Fly out, F8 (Flyball, 8RM)
Batting: RHB Alberto Castillo 0-0: Called Strike
0-1: Ball
1-1: Fly out, F7 (Flyball, 7M)
Batting: RHB Alberto Morín 0-0: Called Strike
0-1: Ball
1-1: Fly out, F9 (Flyball, 9LM)
Bottom of the 7th over - 0 run(s), 0 hit(s), 0 error(s), 0 left on base; Logan 0 - Santa Anna 4
TOP OF THE 8TH
Logan Swans batting - Pitching for Santa Anna Dukes : RHP Roberto Pérez
Pitching: LHP Edgardo Reyes
Batting: LHB Alejandro Herrera 0-0: Foul Ball, location: 2F
0-1: Ball
1-1: Foul Ball, location: 2F
1-2: Ball
2-2: Foul Ball, location: 2F
2-2: Strikes out swinging
Batting: RHB Alfredo Salinas 0-0: SINGLE (Line Drive, 3)
Batting: RHB Adrián Barrera 0-0: Ball
1-0: Swinging Strike
1-1: Called Strike
1-2: Strikes out swinging
Batting: RHB Randall Luna 0-0: Called Strike
0-1: Ball
1-1: Called Strike
1-2: Foul Ball, location: 2F
1-2: Ball
2-2: Foul Ball, location: 2F
2-2: Strikes out swinging
Top of the 8th over - 0 run(s), 1 hit(s), 0 error(s), 1 left on base; Logan 0 - Santa Anna 4
BOTTOM OF THE 8TH
Santa Anna Dukes batting - Pitching for Logan Swans : RHP Salvador Morán
Batting: RHB Ron Elazar 0-0: Ball
1-0: Ball
2-0: Called Strike
2-1: Ball
3-1: Base on Balls
Batting: RHB Charles Lewis 0-0: Ball
1-0: Fly out, F7 (Line Drive, 7LM)
Pitching: RHP Jesús Delgado
Batting: RHB Michael Hastings 0-0: Ball
1-0: Called Strike
1-1: Ball
2-1: Foul Ball, location: 2F
2-2: Ball
Passed Ball!
Ron Elazar to second
3-2: Reached on error, E5 (Groundball, 56)
Ron Elazar scores
Batting: RHB Earl Godwin 0-0: Called Strike
0-1: Ball
1-1: Fly out, F8 (Flyball, 8RD)
Runner from 2nd tags up, SAFE at 3rd, no throw
Batting: RHB Ben Wilson 0-0: Fly out, F4 (Popup, 4D)
Bottom of the 8th over - 1 run(s), 0 hit(s), 1 error(s), 1 left on base; Logan 0 - Santa Anna 5
TOP OF THE 9TH
Logan Swans batting - Pitching for Santa Anna Dukes : LHP Edgardo Reyes
Now at C: Henry Barker
Now in CF: Jeff Manley
Batting: RHB David Ward 0-0: Ball
1-0: Swinging Strike
Single, Error in OF, E7, batter to second base
Batting: RHB Nick Vogel 0-0: Ball
1-0: Ball
2-0: Called Strike
2-1: Foul Ball, location: 2F
2-2: Strikes out swinging
Batting: RHB Júlio Ramos 0-0: Ball
1-0: Foul Ball, location: 2F
1-1: Fly out, F8 (Line Drive, 8LM)
Batting: RHB Jeremy Camanho 0-0: Ball
1-0: Fly out, F7 (Flyball, 78M)
Top of the 9th over - 0 run(s), 1 hit(s), 1 error(s), 1 left on base; Logan 0 - Santa Anna 5
Monday, December 5th, 2016 - OOTP Baseball 17.12 Build 75